 Dungeon Crawl Stone Soup version 0.28.0-47-ge53b351184 (webtiles) character file.

Game seed: 2310458388655273020

152 bobregger the Cudgeller (level 5, -1/54 HPs)
             Began as an Ogre Berserker on May 5, 2022.
             Was a Follower of Trog.
             Slain by a gnoll
             ... wielding a +0 flail
              (6 damage)
             ... on level 3 of the Dungeon.
             The game lasted 00:02:02 (2783 turns).

bobregger the Cudgeller (Ogre Berserker)            Turns: 2783, Time: 00:02:03

Health: -1/54      AC:  3    Str: 21    XL:     5   Next: 34%
Magic:  5/5        EV: 10    Int:  8    God:    Trog [*.....]
Gold:   135        SH:  0    Dex: 10    Spells: 4/4 levels left

rFire   . . .      SeeInvis .   a - +0 mace
rCold   . . .      Faith    .   (no shield)
rNeg    . . .      Spirit   .   b - +0 animal skin
rPois   .          Reflect  .   (helmet restricted)
rElec   .          Harm     .   (no cloak)
rCorr   .          Rampage  .   (gloves unavailable)
Will    .....                   (boots unavailable)
Stlth   +.........              (no amulet)
HPRegen 0.18/turn               (no ring)
MPRegen 0.09/turn               (no ring)

@: on berserk cooldown, slowed, very slow
A: large, unfitting armour, tough skin 1
a: Renounce Religion, Berserk


You were on level 3 of the Dungeon.
You worshipped Trog.
Trog was aware of your devotion.
You visited 1 branch of the dungeon, and saw 3 of its levels.

You collected 135 gold pieces.

Inventory:

Hand Weapons
 a - a +0 mace (weapon)
Armour
 b - a +0 animal skin (worn)
Scrolls
 f - 2 scrolls of fog {unknown}
 i - a scroll of identify {unknown}
 l - a scroll of vulnerability {unknown}
Potions
 c - 2 potions of degeneration {unknown}
 d - 2 potions of ambrosia {unknown}
 e - 4 potions of lignification {unknown}
 g - a potion of heal wounds {unknown}
 h - a potion of mutation {unknown}
 j - a potion of brilliance {unknown}
 k - 3 potions of curing {unknown}


   Skills:
 - Level 4.0 Fighting
 + Level 5.3 Maces & Flails
 - Level 2.6 Dodging


You had 4 spell levels left.
You didn't know any spells.
Your spell library was empty.

Dungeon Overview and Level Annotations

Branches:
Dungeon (3/15)

Altars:

Shops:
D:1 *   D:2 =


Innate Abilities, Weirdness & Mutations

You are too large for most types of armour.
You have tough skin. (AC +1)


Message History

Trog accepts your kill.
You closely miss the orc. The orc misses you.
You closely miss the orc. The orc hits you with a +0 hand axe.
You hit the orc.
The orc is severely wounded.
You barely miss the orc.
The orc is severely wounded.
The orc hits you with a +0 hand axe.
You sock the orc!
You kill the orc!
Trog accepts your kill.
The gnoll hits you from afar with a +0 halberd!
You barely miss the orc.
The gnoll shouts!
The gnoll closely misses you. The orc closely misses you.
You bludgeon the orc!!
You feel the power of Trog in you as your rage grows.
You kill the orc!
Trog accepts your kill.
You bludgeon the orc!!
You kill the orc!
Trog accepts your kill.
The gnoll hits you from afar with a +0 halberd!
The gnoll closely misses you.
Items here: )))) ? ††.
You feel a strong urge to attack something.
The gnoll hits you with a +0 halberd.
You barely miss the gnoll. The gnoll hits you with a +0 flail!
You hit the gnoll.
The gnoll is moderately wounded.
You are no longer berserk.
You are exhausted.
You feel yourself slow down. The gnoll barely misses you. x2
The gnoll hits you with a +0 halberd!
You hit the gnoll.
The gnoll is moderately wounded.
The gnoll hits you with a +0 flail!
* * * LOW HITPOINT WARNING * * *
The gnoll hits you with a +0 flail.
You die...

#...g..
#....g #....
... #.# ##
#.#
....###.#
#....g###
#####.@g#
#g#.# ##.#.#
##..#..
##..###.#
###..## ..
#...## ##.
##.### # ##
##..########


You could see 3 gnolls.

Vanquished Creatures
  Jessica (D:2)
  A hound skeleton (D:2)
  4 gnolls (D:2)
  2 adders (D:2)
  A worm (D:2)
  A dart slug (D:1)
  4 orcs (D:3)
  3 endoplasms
  2 giant cockroaches (D:2)
  2 goblins
  3 hobgoblins
  7 jackals (D:2)
  3 kobolds
  2 quokkas (D:1)
  7 ball pythons
  2 bats
  A frilled lizard (D:1)
  4 rats
50 creatures vanquished.

Notes
Turn   | Place    | Note
-------+----------+-------------------------------------------
     0 | D:1      | bobregger the Ogre Berserker began the quest for the Orb.
     0 | D:1      | Reached XP level 1. HP: 24/24 MP: 1/1
    47 | D:1      | Reached skill level 3 in Maces & Flails
   143 | D:1      | Reached XP level 2. HP: 32/32 MP: 2/2
  1002 | D:1      | Found Viasufru's Assorted Antiques.
  1238 | D:2      | Reached XP level 3. HP: 34/39 MP: 3/3
  1457 | D:2      | Reached skill level 4 in Maces & Flails
  1694 | D:2      | Noticed Jessica
  1700 | D:2      | Killed Jessica
  1701 | D:2      | Reached XP level 4. HP: 48/48 MP: 4/4
  1790 | D:2      | Reached skill level 5 in Maces & Flails
  1794 | D:2      | Reached XP level 5. HP: 21/54 MP: 5/5
  1983 | D:2      | Found Wuiss's Jewellery Emporium.
  2783 | D:3      | Slain by a gnoll

Illustrated notes

Levels and vault maps discovered:
D:1:      minmay_arrival_stair_chambers, layout_basic, serial_shops,
          nicolae_lakefront_shop
D:2:      layout_basic, serial_shops, shop_fountains, uniq_jessica
D:3:      layout_rooms, uniq_ijyb

Skill      XL: |  1  2  3  4 |
---------------+-------------+-----
Maces & Flails | 3 4 5 |  5.3
Fighting       | |  4.0
Dodging        | |  2.6

Action                   |  1- 3 |  4- 6 || total
-------------------------+-------+-------++-------
Melee: Mace              |    87 |    56 ||   143
       Punch             |     1 |     1 ||     2
Invok: Berserk           |     1 |     2 ||     3
Armor: Animal skin       |    28 |    21 ||    49
Dodge: Dodged            |    52 |    41 ||    93
